Map: Inside and Out

Players

GogojOey - Winner!

  • Race: Zerg Zerg
  • Spawn Location: 1:00

HonMonO

  • Race: Terran Terran
  • Spawn Location: 7:00

Event: DreamHack SC2 Masters 2022 Atlanta (Online)

VOD

Have the link to the VOD?

Description

Time

  • Played on: Sept. 28, 2022, 8:12 a.m.
  • Length: 6:33

All games in this series

Show
View Real Time Build Order
Export as new Build Order

GogojOey Zerg - Winner!

Build Orders: Pool First, Ravager All-In 

Get SALT Encoding   

  12  0:00  Drone  
  13  0:12  Overlord  
  13  0:17  Drone  
  14  0:30  Drone x2  
  14  0:34  Drone  
  17  0:44  Extractor  
  17  0:45  Drone  
  17  0:49  Spawning Pool  
  16  0:55  Drone  
  17  1:07  Drone  
  18  1:17  Hatchery  
  17  1:21  Drone  
  18  1:28  Drone  
  19  1:36  Queen  
  19  1:39  Zergling x2  
  22  1:50  Roach Warren  
  22  1:53  Drone  
  22  2:01  Overlord  
  22  2:19  Zergling x2, Queen  
  25  2:23  Zergling x2  
  26  2:30  Roach  
  26  2:31  Extractor  
  26  2:32  Roach  
  29  2:41  Roach  
  29  2:44  Drone x2  
  33  2:45  Roach  
  35  2:52  Overlord  
  35  2:55  Ravager  
  36  3:09  Overlord  
  36  3:17  Ravager  
  36  3:18  Ravager  
  38  3:21  Overlord  
  38  3:30  Roach x2  
  38  3:31  Roach  
  44  3:35  Ravager  
  45  3:42  Roach  
  45  3:45  Zergling x2  
  48  3:51  Ravager  
  48  3:52  Zergling x2  
  50  4:00  Zergling x2  
  51  4:07  Ravager  
  52  4:11  Zergling x4  
  52  4:14  Overlord  
  54  4:23  Overlord  
  53  4:42  Roach x4  
  56  4:55  Roach  
  58  5:01  Metabolic Boost  
  58  5:03  Zergling x4  
  60  5:13  Zergling x2  
  57  5:22  Zergling x2  
  57  5:24  Hatchery  
  49  5:31  Zergling x2  
  46  5:37  Zergling x2  
  47  5:47  Zergling x2  
  45  5:59  Zergling x6  
Show
View Real Time Build Order
Export as new Build Order

HonMonO Terran 

Build Orders:  

Get SALT Encoding   

  12  0:01  SCV  
  13  0:13  SCV  
  14  0:18  Supply Depot  
  14  0:25  SCV  
  15  0:40  Barracks  
  15  0:41  SCV  
  16  0:56  Barracks  
  16  0:58  SCV  
  17  1:10  Barracks  
  17  1:13  SCV  
  18  1:26  Marine  
  18  1:27  Orbital Command  
  19  1:36  Supply Depot  
  19  1:43  Marine  
  19  1:44  Marine  
  21  1:53  SCV  
  22  1:57  Marine  
  22  2:01  Marine  
  23  2:02  Marine  
  23  2:05  Supply Depot  
  23  2:07  SCV  
  26  2:14  Bunker  
  26  2:15  Marine  
  27  2:19  Marine  
  27  2:21  Refinery  
  28  2:23  Marine  
  28  2:27  SCV  
  30  2:37  Bunker  
  30  2:38  Marine  
  30  2:39  Marine  
  32  2:44  Marine  
  33  2:54  SCV  
  33  2:57  Barracks Tech Lab  
  34  3:12  Barracks Tech Lab  
  34  3:16  SCV  
  34  3:19  Marauder  
  37  3:20  Marine  
  37  3:25  Supply Depot  
  38  3:39  SCV  
  39  3:47  Marauder x2  
  43  3:56  Marine  
  44  4:08  Marauder  
  44  4:09  SCV  
  47  4:20  Supply Depot  
  47  4:27  Marine  
  47  4:28  Marauder  
  47  4:29  Marine  
  49  4:45  Marine  
  51  4:55  SCV  
  49  5:12  SCV  
  49  5:14  Factory  
  49  5:17  Command Center  
  31  5:42  SCV  
  31  5:58  Factory Tech Lab, Barracks Tech Lab  
  31  6:00  SCV  
  31  6:03  Barracks Tech Lab  
Tags
 
Add a new tag
Caveats
  • Supply blocks, unpowered buildings, or Contaminate may cause inaccurate times.
  • Supply counts are checked every 10 seconds.